AoeStats
← gg_noteam

Nomad

509755754Analyzed
4v4 RM · 6d ago on Sep 27, 2026· 41m 57s· 8 players
Game mode
Random Map
Map size
231×231
Population
200
Speed
Normal
Resources
Standard
Victory
Conquest
Starting age
Dark Age
Ending age
Imperial Age
RankedLock teamsTeams togetherTeam positionsShared explorationLock speedFull tech treeHidden civsTurbo modeCheats
Victory
Defeat
🇬🇪 Berbers · Georgia
1675
+8
🇦🇷 Muisca · Argentina
1569
+12
🇭🇰 Malay · Hong Kong SAR China
1533
+13
🇧🇷 Spanish · Brazil
1528
+13
🇵🇪 Danes · Peru
1504
-13
🇦🇷 Vikings · Argentina
1500
-12
🇦🇷 Mongols · Argentina
1466
-11
🇦🇷 Varangians · Argentina
1422
-10
HUGO
4:13 Loom
14:37 Feudal Age
18:13 Castle Age
16:33 Double-Bit Axe
19:10 Bow Saw
28:30 Wheelbarrow
31:10 Horse Collar
32:36 Heavy Plow
34:05 Light Cavalry
34:48 Husbandry
34:59 Bloodlines
37:28 Padded Archer Armor
38:55 Leather Archer Armor
44:53 Imperial Age
DS_Moai
11:10 Loom
13:32 Feudal Age
17:12 Castle Age
15:00 Double-Bit Axe
18:29 Bow Saw
18:33 Fletching
18:48 Gold Mining
18:46 Fishing Lines
20:24 Bodkin Arrow
23:16 Ballistics
24:18 Medium Warships
25:45 Padded Archer Armor
26:00 Horse Collar
27:18 Stone Mining
28:40 Stone Shaft Mining
29:53 Gold Shaft Mining
30:04 Gillnets
33:34 Imperial Age
32:12 Masonry
31:52 Town Watch
32:42 Wheelbarrow
34:37 Leather Archer Armor
34:40 Bracer
35:42 Chemistry
35:43 Elite Guecha Warrior
37:56 Siege Engineers
39:01 Scale Mail Armor
40:04 Chain Mail Armor
40:36 Leather Archer Armor
40:34 Squires
42:19 Plate Mail Armor
41:38 Treadmill Crane
大庆Song
5:17 Loom
15:16 Feudal Age
15:37 Fishing Lines
20:18 Castle Age
18:59 Double-Bit Axe
19:06 Gold Mining
19:09 Stone Mining
19:12 Fletching
20:07 Bow Saw
20:44 Medium Warships
22:56 Bodkin Arrow
24:00 Town Watch
25:18 Ballistics
28:18 Horse Collar
29:03 Heavy Plow
30:56 Wheelbarrow
31:35 Forging
35:34 Imperial Age
33:39 Scale Barding Armor
34:11 Iron Casting
33:41 Gillnets
34:34 Coinage
34:49 Hand Cart
36:40 Blast Furnace
35:42 Husbandry
36:45 Elite Battle Elephant
38:01 Light Cavalry
41:00 Gold Shaft Mining
42:22 Conscription
[TMG] purple
6:13 Loom
18:36 Feudal Age
19:32 Fishing Lines
22:40 Castle Age
21:13 Stone Mining
21:39 Double-Bit Axe
23:35 Fletching
24:50 Forging
24:36 Bodkin Arrow
25:23 Gillnets
28:24 Gold Mining
34:15 Imperial Age
36:26 Bracer
36:44 Bloodlines
36:35 Husbandry
36:53 Padded Archer Armor
39:12 Masonry
40:03 Chemistry
39:52 Ballistics
gg_noteam
4:04 Loom
5:16 Loom
14:15 Feudal Age
15:43 Town Watch
18:47 Castle Age
20:05 Scale Mail Armor
20:15 Forging
33:41 Devotion
34:32 Double-Bit Axe
34:33 Horse Collar
36:11 Wheelbarrow
40:48 Imperial Age
Speaker
3:19 Loom
14:04 Feudal Age
19:00 Castle Age
17:24 Fishing Lines
18:19 Bloodlines
18:58 Scale Barding Armor
19:04 Forging
20:25 Chain Barding Armor
21:11 Double-Bit Axe
23:37 Wheelbarrow
27:34 Gold Mining
27:55 Husbandry
33:06 Iron Casting
34:45 Fletching
36:40 Horse Collar
41:24 Heavy Plow
Leandro Pared10s
3:09 Loom
13:25 Feudal Age
19:51 Castle Age
18:23 Fletching
19:24 Double-Bit Axe
20:04 Crossbowman
21:32 Bodkin Arrow
22:57 Bow Saw
23:33 Town Watch
24:26 Padded Archer Armor
27:00 Gold Mining
27:34 Fishing Lines
28:31 Horse Collar
29:09 Stone Mining
31:36 Gillnets
35:30 Imperial Age
34:44 Ballistics
36:33 Gold Shaft Mining
36:40 Masonry
37:31 Chemistry
36:42 Bracer
The Gogs
3:25 Loom
13:22 Feudal Age
17:08 Castle Age
16:39 Double-Bit Axe
16:50 Fletching
33:24 Bloodlines
33:14 Husbandry
33:16 Padded Archer Armor
33:12 Bodkin Arrow
41:06 Imperial Age
40:35 Scale Barding Armor
41:58 Leather Archer Armor
Connection lost

Rejoining the realm…

Still unreachable

The connection could not be restored.

Session expired

The server has moved on; the page needs a fresh start.